 Dungeon Crawl Stone Soup version 0.21-a0-265-gb353147 (webtiles) character file.

62818 tilp the Severer (level 15, -1/128 HPs)
             Began as a Hill Orc Fire Elementalist on Sept 9, 2017.
             Was the Champion of Okawaru.
             Slain by a death yak (11 damage)
             ... on level 6 of the Lair of Beasts on Sept 10, 2017.
             The game lasted 02:09:20 (32968 turns).

tilp the Severer (Hill Orc Fire Elementalist)      Turns: 32968, Time: 02:09:22

Health: -1/128     AC: 13    Str: 15    XL:     15   Next: 7%
Magic:  20/32      EV: 13    Int: 32    God:    Okawaru [******]
Gold:   1442       SH:  8    Dex:  7    Spells: 23/40 levels left

rFire    x . .     SeeInvis .   w - +7 executioner's axe (flame)
rCold    + + .     Gourm    .   (shield currently unavailable)
rNeg     + . .     Faith    .   a - +0 robe of the Desert {rC+ Int+6}
rPois    .         Spirit   .   p - +2 helmet {Int+3}
rElec    .         Reflect  +   D - +1 cloak
rCorr    .         Harm     .   P - +2 pair of gloves
MR       +....                  h - +0 pair of boots {run}
Stlth    +.........             e - brooch of Shielding {Reflect SH+8}
HPRegen  0.31/turn              O - ring "Dechaa Neul" {Ice rN+ Str+2 Int+3 Dex-4}
MPRegen  0.23/turn              Z - +2 ring of protection

@: barbed spikes, quick
A: no striking features
a: Heroism, Finesse, Renounce Religion


You were on level 6 of the Lair of Beasts.
You worshipped Okawaru.
Okawaru was exalted by your worship.
You were not hungry.

You visited 4 branches of the dungeon, and saw 21 of its levels.
You also visited: Volcano.

You collected 2354 gold pieces.
You spent 912 gold pieces at shops.

Inventory:

Hand Weapons
 w - a +7 executioner's axe of flaming (weapon)
Missiles
 b - 10 javelins of penetration (quivered)
Armour
 a - the +0 robe of the Desert (worn) {rC+ Int+6}
   (You took it off an orc wizard on level 1 of the Orcish Mines)

   It affects your intelligence (+6).
   It protects you from cold.
 h - a +0 pair of boots of running (worn)
 p - a +2 helmet of intelligence (worn)
 x - a +2 ring mail of magic resistance
 B - a +1 robe of cold resistance
 D - a +1 cloak (worn)
 P - a +2 pair of gloves (worn)
Magical Staves
 f - an uncursed staff of fire
Jewellery
 e - the brooch of Shielding (around neck) {Reflect SH+8}
   (You found it on level 1 of the Lair of Beasts)

   [amulet of reflection]

   It shields you and reflects attacks.
   It affects your SH (+8).
 j - the ring of Ejaleolu {MR+ SInv}
   (You bought it in a shop on level 2 of the Orcish Mines)

   [ring of see invisible]

   It affects your resistance to hostile enchantments.
   It lets you see invisible.
 t - a +2 ring of intelligence {unknown}
 K - an uncursed ring of protection from fire
 O - the ring "Dechaa Neul" (left hand) {Ice rN+ Str+2 Int+3 Dex-4}
   (You bought it in a shop on level 2 of the Orcish Mines)

   [ring of ice]

   It enhances your ice magic.
   It affects your strength (+2).
   It affects your intelligence (+3).
   It affects your dexterity (-4).
   It makes you vulnerable to fire.
   It protects you from cold.
   It protects you from negative energy.
 Z - a +2 ring of protection (right hand)
Wands
 l - a wand of lightning (7/15)
 v - a wand of digging (14/24)
 y - a wand of iceblast (6/15)
 I - a wand of confusion (11/48)
 R - a wand of acid (5/15)
 W - a wand of scattershot (5/9)
 Y - a wand of polymorph (17/24)
Scrolls
 c - a scroll of vulnerability {unknown}
 g - 3 scrolls of magic mapping
 m - a scroll of blinking
 o - 2 scrolls of remove curse
 q - 16 scrolls of teleportation
 s - 2 scrolls of random uselessness {unknown}
 F - 2 scrolls of fog {unknown}
 H - 3 scrolls of noise {unknown}
 J - 2 scrolls of recharging {unknown}
 N - 2 scrolls of amnesia {unknown}
 T - a scroll of fear {unknown}
 U - a scroll of silence {unknown}
Potions
 d - 2 potions of agility
 i - 7 potions of brilliance
 n - 2 potions of heal wounds
 z - a potion of cancellation
 C - 5 potions of curing
 E - a potion of ambrosia {unknown}
 G - 2 potions of haste
 L - a potion of flight {unknown}
 S - 2 potions of berserk rage
 X - 2 potions of resistance
Books
 k - a book of Necromancy

   Spells                             Type                      Level
   a - Pain                           Necromancy                   1
   b - Animate Skeleton               Necromancy                   1
   c - Vampiric Draining              Necromancy                   3
   d - Regeneration                   Charms/Necromancy            3
   e - Animate Dead                   Necromancy                   4
   f - Control Undead                 Necromancy                   4
Comestibles
 u - a meat ration
 A - 8 royal jellies


   Skills:
 - Level 10.7 Fighting
 - Level 16.0 Axes
 + Level 5.2 Dodging
 - Level 1.5 Stealth
 + Level 13.2 Spellcasting
 - Level 5.6 Conjurations
 - Level 8.2 Fire Magic
 + Level 7.3 Invocations


You had 23 spell levels left.
You knew the following spells:

 Your Spells              Type           Power        Failure   Level  Hunger
a - Flame Tongue          Conj/Fire      #####        1%          1    None
b - Throw Flame           Conj/Fire      ######       1%          2    None
c - Conjure Flame         Conj/Fire      ######..     1%          3    None
d - Sticky Flame          Conj/Fire      ######..     1%          4    None
e - Fireball              Conj/Fire      ######....   3%          5    None
f - Animate Skeleton      Necr           N/A          2%          1    None
g - Apportation           Tloc           ###...       2%          1    None


Dungeon Overview and Level Annotations

Branches:
Dungeon (12/15)            Temple (1/1) D:5            Lair (6/6) D:11
 Shoals (0/4) Lair:4       Spider (0/4) Lair:4        Slime (0/5) Lair:6
    Orc (2/2) D:11            Elf (0/3) Orc:2

Altars:
Ashenzari
Cheibriados
Dithmenos
Elyvilon
Fedhas
Gozag
Hepliaklqana
Kikubaaqudgha
Makhleb
Nemelex Xobeh
Okawaru
Qazlal
Ru
Sif Muna
Trog
Uskayaw
Vehumet
Wu Jian
Xom
Yredelemnul
Zin
The Shining One
Beogh

Shops:
D:6 [   D:10 %   Orc:2 :%}=

Annotations:
D:3 Ijyb; anet's ghost, amateur DEWz


Message History

The death yak is heavily wounded.
You hit the yak. You burn the yak.
The death yak burns!
The yak is engulfed in blazing flames.
The yak gores you but does no damage.
The death yak is engulfed in blazing flames.
The death yak misses you.
The yak is engulfed in blazing flames.
You kill the yak!
Okawaru accepts your kill.
All of the chunks of flesh in your inventory have rotted away.
You barely miss the death yak.
The death yak is severely wounded.
The death yak burns!
The death yak is engulfed in blazing flames.
The death yak gores you!
* * * LOW HITPOINT WARNING * * *
You hit the death yak. You burn the death yak.
The death yak is almost dead.
The death yak burns!
The death yak is engulfed in blazing flames.
The death yak gores you!
You die...

####......### ##### #
##......## ....# #
##...###..# ..8..P
##...####### ...8..
#...###.### ###.8..P.
#..##.....##
#.....8.8
##....).#..P###
##§.##....
#....††##P....###§§##
.
##....####......@Y##
##.### #.###...## ###
#..# ##...# #..##
#...## ...# ##..#
.... ##.. ..##. ###.
.. .. # ..


You could see a death yak (burning).

Vanquished Creatures
  Kirke (Lair:5)
  An orc warlord (Orc:1)
  Azrael (Orc:2)
  Josephine (Lair:6)
  3 hydras
  Fannar (Orc:1)
  Erica (Orc:1)
  A queen ant (Lair:2)
  2 catoblepae (Lair:6)
  4 two-headed ogres
  8 death yaks
  An orc high priest (Orc:1)
  A lindwurm (Volcano)
  3 orc knights
  An ugly thing (D:10)
  3 manticores
  2 orc sorcerers
  2 merfolk sirens (Lair:4)
  8 elephants
  Maurice (Orc:1)
  17 spiny frogs
  2 black mambas
  A kobold demonologist (D:9)
  5 komodo dragons
  5 rime drakes
  4 trolls
  A polar bear (Lair:5)
  2 merfolk (Lair:4)
  7 hippogriffs
  A redback (Lair:4)
  3 wraiths (Lair:6)
  5 fire bats (Volcano)
  8 hogs
  A human (D:9)
  3 wyverns
  32 yaks
  2 basilisks
  2 fire elementals (Orc:1)
  A hungry ghost (D:10)
  3 steam dragons (Volcano)
  7 water moccasins
  19 soldier ants (Lair:2)
  3 hell hounds
  4 porcupines
  Duvessa (D:7)
  An ice beast (D:9)
  46 orc warriors
  3 black bears
  A hornet zombie (D:5)
  A necrophage (D:9)
  12 ogres
  15 centaurs
  12 wolves
  11 crocodiles
  13 bullfrogs
  14 big kobolds
  Dowan (D:7)
  4 scorpions
  2 vampire bats (D:5)
  An electric eel (Lair:5)
  4 howler monkeys
  2 bullfrog zombies
  A crimson imp (D:11)
  2 centaur zombies
  2 quasits (D:9)
  7 hounds
  A jelly (D:5)
  18 orc priests
  20 orc wizards
  Jessica (D:3)
  2 iguanas
  28 worker ants
  5 hell rats (Lair:5)
  2 hound skeletons
  8 adders
  4 gnolls (D:2)
  A howler monkey skeleton (D:5)
  3 shadow imps
  4 adder zombies
  2 worms (D:3)
  A dart slug (D:1)
  3 leopard geckos
  70 orcs
  7 bats
  3 bat skeletons (D:5)
  A bat zombie (D:5)
  6 giant cockroaches
  5 goblins
  4 hobgoblins
  9 jackals
  23 kobolds
  3 quokkas
  A ball python (D:2)
  7 frilled lizards
  A giant cockroach zombie (D:5)
  A jackal skeleton (D:4)
  12 rats
  4 fungi
  6 plants
606 creatures vanquished.

Vanquished Creatures (collateral kills)
  An orc (Orc:1)
  A bat zombie (D:5)
2 creatures vanquished.

Vanquished Creatures (others)
  A fire crab (Volcano)
  A human (Lair:6)
  An orc warrior (Orc:2)
  A worker ant zombie (D:8)
  A leopard gecko (D:8)
  A bush (Lair:5)
  A fire vortex (Orc:1)
  6 fungi
  9 plants
22 creatures vanquished.

Grand Total: 630 creatures vanquished

Notes
Turn   | Place    | Note
-------+----------+-------------------------------------------
     0 | D:1      | tilp the Hill Orc Fire Elementalist began the quest for the Orb.
     0 | D:1      | Reached XP level 1. HP: 14/14 MP: 3/3
   199 | D:1      | Reached XP level 2. HP: 10/20 MP: 4/4
   828 | D:1      | Reached XP level 3. HP: 24/26 MP: 5/5
   832 | D:1      | Learned a level 2 spell: Throw Flame
  1004 | D:1      | Learned a level 3 spell: Conjure Flame
  1473 | D:2      | Found a deep blue altar of Sif Muna.
  1474 | D:2      | Found a shadowy altar of Dithmenos.
  1631 | D:2      | Reached XP level 4. HP: 19/33 MP: 1/7
  2217 | D:3      | Noticed Ijyb
  2337 | D:3      | Noticed Jessica
  2363 | D:3      | Killed Jessica
  2363 | D:3      | Reached XP level 5. HP: 32/38 MP: 3/8
  2429 | D:3      | Found an ornate altar of the Wu Jian Council.
  2430 | D:3      | Noticed anet's ghost (amateur DEWz)
  3071 | D:4      | Reached XP level 6. HP: 36/45 MP: 3/10
  3167 | D:4      | Identified the Disquisition on the Compass and Stolen Souls
  3551 | D:4      | Learned a level 4 spell: Sticky Flame
  3618 | D:4      | Reached skill level 5 in Fire Magic
  3894 | D:4      | Found a sacrificial altar of Ru.
  4187 | D:4      | Learned a level 1 spell: Animate Skeleton
  4199 | D:4      | Reached XP level 7. HP: 41/50 MP: 6/11
  4255 | D:4      | Learned a level 1 spell: Apportation
  5066 | D:5      | Entered Level 5 of the Dungeon
  5318 | D:5      | Reached skill level 5 in Conjurations
  5598 | D:5      | Found a staircase to the Ecumenical Temple.
  5617 | D:5      | Reached XP level 8. HP: 46/57 MP: 4/13
  5645 | Temple   | Entered the Ecumenical Temple
  5695 | Temple   | Became a worshipper of Warmaster Okawaru
  6106 | D:5      | Found an ancient bone altar of Kikubaaqudgha.
  6226 | D:5      | Found a snail-covered altar of Cheibriados.
  6327 | D:5      | Reached skill level 1 in Fighting
  6829 | D:5      | Reached * piety under Okawaru
  7289 | D:6      | Reached XP level 9. HP: 70/70 MP: 12/16
  7490 | D:6      | Found Reriupsi's Antique Armour Emporium.
  7493 | D:6      | Bought a pair of gloves for 103 gold pieces
  7493 | D:6      | Bought an embroidered robe for 85 gold pieces
  7777 | D:7      | Found a basalt altar of Yredelemnul.
  7987 | D:7      | Reached skill level 5 in Spellcasting
  8015 | D:7      | Learned a level 5 spell: Fireball
  8066 | D:7      | Noticed Duvessa
  8066 | D:7      | Noticed Dowan
  8081 | D:7      | Killed Duvessa
  8117 | D:7      | Killed Dowan
  8226 | D:7      | Reached skill level 5 in Fighting
  8627 | D:8      | Upgraded the game from 0.21-a0-264-g3e31e41 to 0.21-a0-265-gb353147
  8750 | D:8      | Reached ** piety under Okawaru
  9077 | D:8      | Found an ornate altar of the Wu Jian Council.
  9095 | D:8      | Found a stormy altar of Qazlal.
  9095 | D:8      | Found a sacrificial altar of Ru.
  9097 | D:8      | Found a white marble altar of Elyvilon.
  9097 | D:8      | Found a shimmering altar of Xom.
  9097 | D:8      | Found a stormy altar of Qazlal.
  9171 | D:8      | Found a radiant altar of Vehumet.
  9701 | D:9      | Noticed a two-headed ogre
  9707 | D:9      | Reached *** piety under Okawaru
  9727 | D:9      | Killed a two-headed ogre
  9727 | D:9      | Reached XP level 10. HP: 90/90 MP: 5/20
  9860 | D:9      | Reached **** piety under Okawaru
 10168 | D:9      | Noticed a kobold demonologist
 10183 | D:9      | Killed a kobold demonologist
 10468 | D:9      | Reached skill level 10 in Fighting
 10617 | D:9      | Reached ***** piety under Okawaru
 10873 | D:9      | Noticed a two-headed ogre
 10883 | D:9      | Killed a two-headed ogre
 10883 | D:9      | Received a gift from Okawaru
 10883 | D:9      | Reached XP level 11. HP: 101/101 MP: 11/23
 10979 | D:9      | Found a glowing golden altar of the Shining One.
 11100 | D:9      | Reached skill level 1 in Axes
 11112 | D:9      | Reached skill level 2 in Axes
 11433 | D:9      | Reached skill level 3 in Axes
 11633 | D:10     | Entered Level 10 of the Dungeon
 11664 | D:10     | Found Vuapuc's Food Boutique.
 11830 | D:10     | Reached skill level 4 in Axes
 11844 | D:10     | Noticed a cyan ugly thing
 11863 | D:10     | Killed a cyan ugly thing
 12456 | D:11     | Reached skill level 5 in Axes
 12718 | D:11     | Noticed a manticore
 12729 | D:11     | Killed a manticore
 12841 | D:11     | Found a roughly hewn altar of Beogh.
 12841 | D:11     | Found a staircase to the Orcish Mines.
 12865 | D:11     | Received a gift from Okawaru
 12923 | D:11     | Reached skill level 6 in Axes
 13341 | D:11     | Found a staircase to the Lair.
 13361 | Lair:1   | Entered Level 1 of the Lair of Beasts
 13414 | D:12     | Noticed a red ugly thing
 13441 | Orc:1    | Entered Level 1 of the Orcish Mines
 13537 | Orc:1    | Noticed Erica
 13572 | Orc:1    | Killed Erica
 13572 | Orc:1    | Reached skill level 7 in Axes
 13585 | Orc:1    | Noticed Fannar
 13765 | Lair:1   | Found the brooch of Shielding {Reflect SH+8}
 14238 | Lair:1   | Received a gift from Okawaru
 14243 | Lair:1   | Got an ichor-stained arbalest {god gift}
 14876 | Lair:1   | Reached skill level 8 in Axes
 15451 | Lair:2   | Reached XP level 12. HP: 97/108 MP: 21/25
 15502 | Lair:2   | Reached skill level 9 in Axes
 15772 | Lair:2   | Reached skill level 10 in Spellcasting
 16739 | Lair:2   | Reached skill level 10 in Axes
 17744 | Lair:2   | Noticed a queen ant
 17802 | Lair:2   | Killed a queen ant
 18244 | Lair:2   | Reached skill level 11 in Axes
 18724 | Lair:3   | Noticed a five-headed hydra
 18731 | Lair:3   | Killed a three-headed hydra
 19252 | Lair:3   | Received a gift from Okawaru
 19366 | Lair:3   | Reached ****** piety under Okawaru
 19640 | Lair:3   | Noticed a death yak
 19641 | Lair:3   | Noticed a death yak
 19657 | Lair:3   | Noticed a death yak
 19658 | Lair:3   | Killed a death yak
 19658 | Lair:3   | Reached skill level 12 in Axes
 19665 | Lair:3   | Killed a death yak
 19669 | Lair:3   | Killed a death yak
 19934 | Lair:4   | Reached XP level 13. HP: 114/114 MP: 20/28
 20040 | Lair:4   | Received a gift from Okawaru
 20106 | Lair:4   | Reached skill level 13 in Axes
 20455 | Lair:4   | Found a staircase to the Shoals.
 20686 | Lair:4   | Found a hole to the Spider Nest.
 21145 | Lair:5   | Found a dark tunnel.
 21154 | Volcano  | Entered a volcano
 21920 | Lair:1   | Identified the +0 arbalest of Conformity {elec, +Blink Str+2} (Okawaru gifted it to you on level 1 of the Lair of Beasts)
 22148 | Lair:5   | Reached skill level 14 in Axes
 22749 | Lair:5   | Noticed Kirke
 22759 | Lair:5   | Killed Kirke
 23582 | Lair:5   | Reached skill level 15 in Axes
 24248 | Orc:1    | Killed Fannar
 24248 | Orc:1    | Received a gift from Okawaru
 24258 | Orc:1    | Noticed Maurice
 24275 | Orc:1    | Killed Maurice
 24753 | Orc:1    | Reached XP level 14. HP: 114/122 MP: 10/30
 24786 | Orc:1    | Noticed an orc warlord
 24930 | Orc:1    | Got a transparent robe
 24962 | Orc:1    | Identified the cursed +0 robe of the Desert {rC+ Int+6} (You took it off an orc wizard on level 1 of the Orcish Mines)
 25397 | Orc:1    | Found a roughly hewn altar of Beogh.
 25414 | Orc:1    | Killed an orc warlord
 25974 | Orc:2    | Entered Level 2 of the Orcish Mines
 26494 | Orc:2    | Received a gift from Okawaru
 26683 | Orc:2    | Reached skill level 16 in Axes
 26958 | Orc:2    | Reached skill level 1 in Invocations
 27232 | Orc:2    | Found a staircase to the Elven Halls.
 27251 | Orc:2    | Noticed Azrael
 28333 | Orc:2    | Killed Azrael
 30276 | Orc:2    | Found Caawkem's Food Boutique.
 30276 | Orc:2    | Found Ukurull's Gadget Emporium.
 30288 | Orc:2    | Found Huisood's Book Shop.
 30293 | Orc:2    | Found Fenkuhyme's Jewellery Shoppe.
 30537 | Orc:2    | Bought the ring of Ejaleolu {MR+ SInv} for 303 gold pieces
 30537 | Orc:2    | Bought the ring "Dechaa Neul" {Ice rN+ Str+2 Int+3 Dex-4} for 421 gold pieces
 30733 | Lair:6   | Entered Level 6 of the Lair of Beasts
 31523 | Lair:6   | Received a gift from Okawaru
 31537 | Lair:6   | Identified a +0 pair of boots of running (Okawaru gifted it to you on level 6 of the Lair of Beasts)
 31763 | Lair:6   | Reached skill level 5 in Invocations
 31861 | Lair:6   | Found a staircase to the Slime Pits.
 32589 | Lair:6   | Noticed Josephine
 32601 | Lair:6   | Killed Josephine
 32908 | Lair:6   | Reached skill level 5 in Dodging
 32908 | Lair:6   | Reached XP level 15. HP: 108/128 MP: 26/32
 32968 | Lair:6   | Slain by a death yak

Vault maps used:
D:1:      dpeg_arrival_windows_large_door, kennysheep_decorative_pillar,
          minmay_pentomino_s4
D:2:      gammafunk_temple_overflow_statue
D:3:      nicolae_overflow_crystal_walls, uniq_jessica, uniq_ijyb
D:4:      marbit_many_paths, first_bread, kennysheep_generic_room_4
D:5:      lemuel_coloured_pillars_altar, kennysheep_vampire_church,
          minmay_temple_entry_statues_pillars, lexackson_kobold_supper
D:6:      serial_shops, kennysheep_mini, hex_tiny
D:7:      yredelemnul_altar_generic, uniq_duvessa
D:8:      fiery_altar_vehumet, doesnt_xom_only_xom
D:9:      lemuel_doored_altar, grunt_livestock, nooodl_food_tri
D:10:     lemuel_flame_loot_2, serial_shops, shop_coins
D:11:     lair_entry_dummy, david_orc_5
D:12:     minivault_25
Temple:   nicolae_temple_no_exploring_needed
Lair:2:   minivault_29
Lair:3:   grunt_megastairs_3
Lair:4:   elwin_shoals_entry_stream, spider_nest_entry_rubble,
          serial_bayou_shore_a
Lair:5:   nicolae_volcano_entry_lava_flow, lemuel_fruit_tree, uniq_kirke
Lair:6:   evilmike_catoblepas_cave, slime_dummy, minmay_lair_drake_nest,
          uniq_josephine
Orc:1:    orc_temple, uniq_erica, uniq_maurice, uniq_fannar
Orc:2:    st_orc_rangers, uniq_azrael
Volcano:  volcano_pools

Skill      XL: |  1  2  3  4  5  6  7  8  9 10 11 12 13 14 15 |
---------------+----------------------------------------------+-----
Conjurations   | 2 3 4 5 |  5.6
Spellcasting   | 2 3 4 6 8 9 11 12 13 | 13.2
Fire Magic     | 4 5 6 8 |  8.2
Fighting       | 3 8 10 | 10.7
Axes           | 8 12 15 16 | 16.0
Invocations    | 6 7 |  7.3
Dodging        | 5 |  5.2
Stealth        | |  1.5

Action                   |  1- 3 |  4- 6 |  7- 9 | 10-12 | 13-15 || total
-------------------------+-------+-------+-------+-------+-------++-------
Melee: Hand axe          |    50 |       |       |       |       ||    50
       Flail             |     9 |    89 |   220 |   486 |       ||   804
       Battleaxe         |       |       |       |    33 |   311 ||   344
       Executioner's axe |       |       |       |       |   287 ||   287
 Fire: Blowgun           |       |       |       |     6 |       ||     6
Throw: Stone             |     6 |       |       |       |       ||     6
 Cast: Flame Tongue      |    24 |    44 |   149 |   190 |    91 ||   498
       Throw Flame       |     5 |    15 |    18 |    20 |    23 ||    81
       Conjure Flame     |     1 |     1 |    17 |    91 |    91 ||   201
       Animate Skeleton  |       |       |     2 |       |     5 ||     7
       Sticky Flame      |       |       |     7 |    42 |    28 ||    77
       Fireball          |       |       |       |     2 |    19 ||    21
Invok: Heroism           |       |       |       |       |     5 ||     5
Evoke: Wand              |       |       |       |       |     3 ||     3
  Use: Scroll            |    10 |       |     6 |     4 |    11 ||    31
       Potion            |       |       |     1 |     1 |     3 ||     5
 Stab: Sleeping          |     1 |     1 |     1 |       |       ||     3
       Distracted        |       |     1 |       |       |     1 ||     2
  Eat: Chunk             |     3 |     7 |    15 |    22 |    16 ||    63
       Fruit             |       |     2 |     6 |     2 |       ||    10
       Royal jelly       |       |       |       |     3 |     3 ||     6
       Meat ration       |       |       |       |     1 |     1 ||     2
       Bread ration      |       |       |       |       |     4 ||     4
Armor: Robe              |    23 |    33 |    49 |       |    81 ||   186
       Skin              |       |       |    17 |       |       ||    17
       Ring mail         |       |       |    38 |   198 |    96 ||   332
Dodge: Dodged            |    47 |    72 |   176 |   344 |   263 ||   902
Block: Other             |       |       |    24 |    49 |   219 ||   292
       Shield            |       |       |     2 |       |       ||     2
       Reflection        |       |       |     1 |     1 |    17 ||    19

Table legend:
 A = Spawn XP
 B = Non-spawn XP
 C = Spawn XP percentage of total XP
 D = Spawn monster count
 E = Non-spawn monster count
 F = Spawn count percentage of total count
 G = Total turns spent on level
                    A         B        C        D         E        F      G
               +---------+---------+-------+---------+---------+-------+---------
         Total |       0 |   89740 |   0.0 |       0 |     600 |   0.0 | 32968
               +---------+---------+-------+---------+---------+-------+---------
           D:1 |       0 |      37 |   0.0 |       0 |      22 |   0.0 |  1201
           D:2 |       0 |      67 |   0.0 |       0 |      13 |   0.0 |   869
           D:3 |       0 |     179 |   0.0 |       0 |      27 |   0.0 |   957
           D:4 |       0 |     585 |   0.0 |       0 |      22 |   0.0 |  2039
           D:5 |       0 |    1159 |   0.0 |       0 |      43 |   0.0 |  1935
           D:6 |       0 |     379 |   0.0 |       0 |      12 |   0.0 |   701
           D:7 |       0 |     655 |   0.0 |       0 |       7 |   0.0 |   871
           D:8 |       0 |    1473 |   0.0 |       0 |      25 |   0.0 |  1097
           D:9 |       0 |    6558 |   0.0 |       0 |      60 |   0.0 |  1904
          D:10 |       0 |    1001 |   0.0 |       0 |      11 |   0.0 |   769
          D:11 |       0 |    2142 |   0.0 |       0 |      30 |   0.0 |  1563
        Lair:1 |       0 |    2161 |   0.0 |       0 |       9 |   0.0 |  1609
        Lair:2 |       0 |    8074 |   0.0 |       0 |      55 |   0.0 |  3549
        Lair:3 |       0 |    6403 |   0.0 |       0 |      16 |   0.0 |  1379
        Lair:4 |       0 |    6304 |   0.0 |       0 |      17 |   0.0 |  1189
        Lair:5 |       0 |    9700 |   0.0 |       0 |      39 |   0.0 |  2036
        Lair:6 |       0 |   19514 |   0.0 |       0 |      56 |   0.0 |  2235
         Orc:1 |       0 |   10008 |   0.0 |       0 |      48 |   0.0 |  3728
         Orc:2 |       0 |   10439 |   0.0 |       0 |      78 |   0.0 |  2617
       Volcano |       0 |    2902 |   0.0 |       0 |      10 |   0.0 |   648
               +---------+---------+-------+---------+---------+-------+---------
